 Dungeon Crawl Stone Soup version 0.17-a0-1572-g7a1422d (webtiles) character file.

76657 bohran the Fighter (level 15, -17/204 HPs)
             Began as a Minotaur Berserker on July 24, 2015.
             Was a High Priest of Trog.
             Demolished by an azure jelly (39 damage)
             ... on level 1 of the Pits of Slime.
             The game lasted 03:20:13 (23121 turns).

bohran the Fighter (Minotaur Berserker)            Turns: 23121, Time: 03:20:13

Health: -17/204    AC: 18    Str: 30    XL:     15   Next: 13%
Magic:  10/15      EV: 17    Int:  4    God:    Trog [*****.]
Gold:   1225       SH: 15    Dex: 13    Spells: 0 memorised, 16 levels left

rFire  + . .     SeeInvis .     Z - +6 double sword (elec)
rCold  . . .     Clarity  .     o - +3 scale mail {rF+}
rNeg   . . .     SustAt   .     G - +2 large shield
rPois  +         Gourm    .     (helmet restricted)
rElec  +         Spirit   .     A - +2 cloak {rPois}
rCorr  .         Warding  .     p - +2 pair of gloves
rMut   .         Stasis   .     (no boots)
MR     +....                    P - amulet of faith
Stlth  ..........               E - ring "Alemi" {rElec rPois Stlth+}
                                w - +5 ring of evasion

@: berserking, very quick, somewhat resistant to hostile enchantments, extremely
unstealthy
A: retaliatory headbutt, horns 2
a: Burn Spellbooks, Berserk, Trog's Hand, Brothers in Arms, Renounce Religion


You were on level 1 of the Pits of Slime.
You worshipped Trog.
Trog was extremely pleased with you.
You were not hungry.

You visited 4 branches of the dungeon, and saw 19 of its levels.
You also visited: Labyrinth and Volcano.

You collected 1225 gold pieces.

Inventory:

Hand weapons
 a - a +3 longbow of flaming
 U - a +6 hunting sling of freezing
 Y - a +4 antimagic lajatang
 Z - a +6 double sword of electrocution (weapon)
Missiles
 e - 17 bolts of flame
 f - 123 arrows (quivered)
 F - 12 steel sling bullets
 J - 113 sling bullets
 K - 9 silver sling bullets
 Q - 59 sling bullets of flame
 T - 17 arrows of frost
 V - 22 poisoned sling bullets
 W - 7 needles of slowing
Armour
 o - a +3 scale mail of fire resistance (worn)
 p - a +2 pair of gloves (worn)
 A - a +2 cloak of poison resistance (worn)
 G - a +2 large shield (worn)
 X - a +2 scale mail of cold resistance
Jewellery
 w - a +5 ring of evasion (left hand)
 E - the ring "Alemi" (right hand) {rElec rPois Stlth+}
   (You took it off a minotaur in a labyrinth)

   [ring of poison resistance]

   It insulates you from electricity.
   It protects you from poison.
   It makes you more stealthy.
 P - an amulet of faith (around neck)
Magical devices
 h - a wand of flame (20)
 y - a wand of paralysis (21)
Scrolls
 d - a scroll of identify
 j - 2 scrolls of blinking
 s - 10 scrolls of remove curse
 u - a scroll of magic mapping {unknown}
 z - a scroll of fog
 H - a scroll of silence
 L - 3 scrolls of fear
 M - 5 scrolls of teleportation
 S - a scroll of holy word {unknown}
Potions
 k - a potion of brilliance
 l - 3 potions of berserk rage
 m - 2 potions of agility
 n - 2 potions of curing
 t - a potion of cancellation
 x - 3 potions of lignification
 B - a potion of experience
 C - 2 potions of flight
Miscellaneous
 b - a plain deck of changes
 R - a plain deck of wonders {drawn: 1}
Comestibles
 c - 7 bread rations
 i - 8 meat rations
 q - a royal jelly
 r - 9 beef jerkies
 v - 4 slices of pizza
 O - 10 fruits


   Skills:
 + Level 13.5 Fighting
 + Level 13.1 Long Blades
   Level 2.8(7.1) Maces & Flails
 + Level 10.1(10.3) Staves
 + Level 12.7(12.8) Slings
 + Level 1.0 Bows
 + Level 2.1(8.0) Throwing
 + Level 10.8 Armour
 + Level 12.8 Dodging
 + Level 3.6 Stealth
 + Level 2.1 Unarmed Combat
 + Level 1.1 Spellcasting
   Level 1.2 Conjurations
 + Level 1.7 Evocations


You had 16 spell levels left.
You didn't know any spells.

Dungeon Overview and Level Annotations

Branches:
Dungeon (9/15)             Temple (0/1) D:4            Lair (8/8) D:9
  Swamp (0/4) Lair:3       Spider (1/4) Lair:4        Slime (1/6) Lair:8
    Orc: D:9-12

Altars:
Ashenzari
Dithmenos
Elyvilon
Nemelex Xobeh
Okawaru
Qazlal
Ru
The Shining One

Shops:
D:8 }(%


Innate Abilities, Weirdness & Mutations

You reflexively headbutt those who attack you in melee.
You have a pair of horns on your head.


Message History

Two slime creatures merge to form a large slime creature.
The slime creature hits you!
* * * LOW HITPOINT WARNING * * *
The slime creature misses you. You furiously retaliate!
You headbutt the slime creature! You block the azure jelly's attack.
The azure jelly hits you but does no damage.
You block the azure jelly's attack. The azure jelly hits you.
* * * LOW HITPOINT WARNING * * *
The eye of draining gazes at you.
You feel your power leaking away.
You slice the slime creature!!
You kill the slime creature!
Trog accepts your kill. Something appears at your feet! Trog grants you a gift!
You block the jelly's attack. You block the slime creature's attack.
The azure jelly hits you.
* * * LOW HITPOINT WARNING * * *
The azure jelly freezes you!!!
You die...

##........
#........#
....#....## #.
..........##...
.........#.....
..>............
......JGJ.....#
......J@J......
......J.J......
...............
........#....##
........#...##
....#....#..#
##....... ...
#....... ....


You could see an azure jelly, a large slime creature, 2 slime creatures, an eye
of draining and 2 jellies.

Vanquished Creatures
  Rupert (Lair:8)
  Maud (Lair:6)
  Nessos (Lair:5)
  A fire dragon (Lair:8)
  A minotaur (Lab)
  The ghost of nht the Spear-Bearer, a powerful MfAs of Okawaru (Volcano)
  The ghost of carl the Grappler, a powerful DrMo of Ru (D:9)
  4 hydras
  5 death yaks (Lair:8)
  A lindwurm (Volcano)
  A hill giant (D:9)
  3 griffons
  An oklob plant (Lair:7)
  A shining eye (Slime:1)
  2 wolf spiders
  3 hornets (Lair:8)
  A guardian serpent (Lair:8)
  12 elephants (Lair:5)
  17 spiny frogs
  2 molten gargoyles (Volcano)
  The ghost of abixa the Cleaver, an experienced HOBe of Trog (D:4)
  14 black mambas
  A gargoyle (Lab)
  12 komodo dragons
  6 fire drakes
  A two-headed ogre (D:9)
  A minotaur skeleton (Lab)
  3 polar bears
  A troll (D:8)
  2 slime creatures
  Sigmund (D:6)
  5 blink frogs (Lair:8)
  5 wyverns
  A spriggan (Lair:4)
  12 wolves
  A human (D:7)
  2 deep elf magi (D:9)
  6 yaks
  A deep elf fighter (D:9)
  11 basilisks
  A hungry ghost (D:8)
  Grum (D:9)
  6 fire bats (Volcano)
  13 hippogriffs
  Menkaure (D:6)
  A mottled dragon (Volcano)
  Edmund (D:4)
  3 steam dragons (Lair:8)
  20 water moccasins
  14 porcupines
  Duvessa (D:4)
  A hell hound (Volcano)
  An orc warrior (D:9)
  A phantom (D:5)
  4 sky beasts
  4 spiders (Lair:8)
  2 ice beasts
  A swamp drake (Lair:8)
  2 black bears
  23 crocodiles
  2 necrophages
  3 ogres (D:8)
  A big kobold (D:9)
  2 centaurs
  12 giant frogs
  Dowan (D:4)
  2 gnoll sergeants
  4 scorpions
  6 electric eels
  6 wights
  A troll skeleton (Lab)
  26 killer bees
  6 crimson imps
  A centaur zombie (D:6)
  3 lava snakes (Volcano)
  Crazy Yiuf (D:2)
  14 iguanas
  4 orc priests
  6 jellies
  3 giant frog skeletons
  A centaur skeleton (Lab)
  6 orc wizards
  18 worker ants
  5 hounds
  Natasha (thrice) (D:3)
  6 hell rats (Lair:2)
  21 sheep
  A hound zombie (D:6)
  2 ogre skeletons (Lab)
  Robin (D:3)
  13 gnolls
  15 adders
  59 river rats
  A shadow imp (D:5)
  An ooze (D:7)
  5 worms
  35 orcs
  21 bats
  2 bat skeletons
  6 giant cockroaches
  19 goblins
  19 hobgoblins
  7 jackals
  3 quokkas
  5 ball pythons
  5 giant geckos
  6 giant newts
  18 kobolds
  A quokka zombie (D:8)
  28 rats
  A bush (D:2)
  A butterfly (Lair:4)
  4 plants
691 creatures vanquished.

Vanquished Creatures (others)
  48 fungi
  21 plants
69 creatures vanquished.

Grand Total: 760 creatures vanquished

Notes
Turn   | Place    | Note
--------------------------------------------------------------
     0 | D:1      | bohran the Minotaur Berserker began the quest for the Orb.
     0 | D:1      | Reached XP level 1. HP: 19/19 MP: 0/0
   412 | D:1      | Reached XP level 2. HP: 24/27 MP: 1/1
   715 | D:2      | Reached skill level 4 in Fighting
   731 | D:2      | Reached XP level 3. HP: 28/33 MP: 2/2
   860 | D:2      | Acquired Trog's second power
  1167 | D:2      | Found a stormy altar of Qazlal.
  1227 | D:2      | Reached skill level 1 in Slings
  1246 | D:2      | Reached XP level 4. HP: 33/40 MP: 3/3
  1782 | D:2      | Noticed Crazy Yiuf
  1789 | D:2      | Killed Crazy Yiuf
  1976 | D:3      | Noticed Natasha
  1984 | D:3      | Killed Natasha
  1985 | D:3      | Reached XP level 5. HP: 42/46 MP: 4/4
  2290 | D:3      | Noticed Natasha
  2303 | D:3      | Killed Natasha
  2347 | D:3      | Noticed Natasha
  2353 | D:3      | Killed Natasha
  2692 | D:3      | Noticed Robin
  2700 | D:3      | Killed Robin
  2810 | D:4      | Noticed abixa's ghost (experienced HOBe)
  2824 | D:4      | Killed abixa's ghost
  2824 | D:4      | Reached skill level 5 in Fighting
  2824 | D:4      | Reached skill level 1 in Maces & Flails
  2824 | D:4      | Reached skill level 1 in Staves
  2824 | D:4      | Reached XP level 6. HP: 37/56 MP: 5/5
  2824 | D:4      | Reached XP level 7. HP: 40/61 MP: 6/6
  2927 | D:4      | Noticed Dowan
  2928 | D:4      | Noticed Duvessa
  2944 | D:4      | Killed Duvessa
  2948 | D:4      | Killed Dowan
  3069 | D:4      | Found a staircase to the Ecumenical Temple.
  3127 | D:4      | Noticed Edmund
  3139 | D:4      | Killed Edmund
  3721 | D:4      | Received a gift from Trog
  3942 | D:4      | Reached skill level 5 in Armour
  3969 | D:4      | Found a shadowy altar of Dithmenos.
  3991 | D:4      | Reached skill level 5 in Dodging
  4248 | D:5      | Entered Level 5 of the Dungeon
  4253 | D:5      | Reached skill level 6 in Fighting
  4253 | D:5      | Reached XP level 8. HP: 68/70 MP: 7/7
  4258 | D:5      | Found a white marble altar of Elyvilon.
  4284 | D:5      | Reached skill level 1 in Stealth
  4864 | D:5      | Acquired Trog's third power
  4864 | D:5      | Received a gift from Trog
  4873 | D:5      | Reached skill level 5 in Slings
  5085 | D:5      | Found an iron altar of Okawaru.
  5211 | D:5      | Found a shattered altar of Ashenzari.
  5484 | D:6      | Noticed Sigmund
  5491 | D:6      | Killed Sigmund
  5491 | D:6      | Received a gift from Trog
  5491 | D:6      | Reached skill level 5 in Staves
  5664 | D:6      | Reached skill level 7 in Fighting
  5734 | D:6      | Found a shattered altar of Ashenzari.
  5764 | D:6      | Reached XP level 9. HP: 79/79 MP: 8/8
  6087 | D:6      | Found a sparkling altar of Nemelex Xobeh.
  6109 | D:6      | Found a glowing golden altar of the Shining One.
  6138 | D:6      | Noticed Menkaure
  6139 | D:6      | Killed Menkaure
  6370 | D:7      | Reached skill level 5 in Long Blades
  7949 | D:7      | Reached skill level 8 in Fighting
  7955 | D:7      | Received a gift from Trog
  8138 | D:8      | Found Tohagrub's Weapon Boutique.
  8142 | D:8      | Found Wivah's Gadget Emporium.
  8144 | D:8      | Found Zostruere's Food Shop.
  8216 | D:8      | Reached XP level 10. HP: 63/88 MP: 9/9
  9207 | D:8      | Found a sacrificial altar of Ru.
  9238 | D:8      | Received a gift from Trog
  9745 | D:9      | Reached skill level 9 in Fighting
  9818 | D:9      | Received a gift from Trog
 10115 | D:9      | Noticed a hill giant
 10117 | D:9      | Noticed carl's ghost (powerful DrMo)
 10123 | D:9      | Killed a hill giant
 10147 | D:9      | Killed carl's ghost
 10147 | D:9      | Reached XP level 11. HP: 17/99 MP: 3/10
 10757 | D:9      | Noticed Grum
 10768 | D:9      | Received a gift from Trog
 10772 | D:9      | Killed Grum
 11074 | D:9      | Found a staircase to the Lair.
 11083 | Lair:1   | Entered Level 1 of the Lair of Beasts
 11084 | Lair:1   | Noticed a six-headed hydra
 11098 | Lair:1   | Killed a 11-headed hydra
 12020 | Lair:1   | Gained mutation: You are weak. (Str -2) [potion of mutation]
 12020 | Lair:1   | Lost mutation: You are weak. (Str -2) [potion of mutation]
 12020 | Lair:1   | Gained mutation: You are partially covered in large bone plates (AC +2, SH +2). [potion of mutation]
 12021 | Lair:1   | Gained mutation: You possess an exceptional clarity of mind. [potion of mutation]
 12021 | Lair:1   | Gained mutation: You are partially covered in yellow scales (AC +2). [potion of mutation]
 12269 | Lair:2   | Reached skill level 10 in Fighting
 12294 | Lair:2   | Reached skill level 10 in Dodging
 12681 | Lair:2   | Found a dark tunnel.
 12690 | Volcano  | Entered a volcano
 12965 | Volcano  | Noticed nht's ghost (powerful MfAs)
 12977 | Volcano  | Killed nht's ghost
 13123 | Volcano  | Found a bloodstained altar of Trog.
 13123 | Volcano  | Noticed a lindwurm
 13136 | Volcano  | Killed a lindwurm
 13140 | Volcano  | Received a gift from Trog
 13511 | Volcano  | Reached skill level 10 in Slings
 13701 | Lair:2   | Reached XP level 12. HP: 75/107 MP: 11/11
 14232 | Lair:3   | Received a gift from Trog
 14298 | Lair:3   | Reached skill level 11 in Fighting
 14520 | Lair:3   | Found a labyrinth entrance.
 14529 | Lab      | Entered a labyrinth
 15036 | Lab      | Noticed a minotaur
 15048 | Lab      | Killed a minotaur
 15050 | Lab      | Got a steaming golden ring
 15422 | Lab      | Identified the Almanac of Calling
 15428 | Lab      | Received a gift from Trog
 15486 | Lab      | Lost mutation: You possess an exceptional clarity of mind. [potion of cure mutation]
 15486 | Lab      | Lost mutation: You are partially covered in yellow scales (AC +2). [potion of cure mutation]
 15486 | Lab      | Lost mutation: You are partially covered in large bone plates (AC +2, SH +2). [potion of cure mutation]
 15487 | Lab      | Gained mutation: You can spit weak poison. [potion of mutation]
 15487 | Lab      | Lost mutation: You can spit weak poison. [potion of mutation]
 15487 | Lab      | Gained mutation: Your body sometimes deteriorates upon taking damage. [potion of mutation]
 15488 | Lab      | Gained mutation: You are partially covered in icy blue scales (AC +1). [potion of mutation]
 15488 | Lab      | Gained mutation: Your flesh is cold resistant. [potion of mutation]
 15489 | Lab      | Reached skill level 10 in Staves
 15489 | Lab      | Reached skill level 1 in Spellcasting
 15489 | Lab      | Reached skill level 1 in Conjurations
 15489 | Lab      | Reached skill level 1 in Evocations
 15489 | Lab      | Reached XP level 13. HP: 116/116 MP: 11/13
 15702 | Lair:3   | Found a staircase to the Swamp.
 16068 | Lair:4   | Found a hole to the Spider Nest.
 16110 | Spider:1 | Entered Level 1 of the Spider Nest
 17092 | Lair:5   | Received a gift from Trog
 17107 | Lair:5   | Identified the ring "Alemi" {rElec rPois Stlth+} (You took it off a minotaur in a labyrinth)
 17119 | Lair:5   | Noticed Nessos
 17132 | Lair:5   | Killed Nessos
 17142 | Lair:5   | Reached skill level 12 in Fighting
 17642 | Lair:5   | Reached skill level 10 in Long Blades
 18035 | Lair:5   | Reached skill level 1 in Bows
 18274 | Lair:5   | Reached XP level 14. HP: 127/127 MP: 14/14
 18555 | Lair:5   | Received a gift from Trog
 18841 | Lair:6   | Lost mutation: Your body sometimes deteriorates upon taking damage. [potion of cure mutation]
 18841 | Lair:6   | Lost mutation: You are partially covered in icy blue scales (AC +1). [potion of cure mutation]
 18841 | Lair:6   | Lost mutation: Your flesh is cold resistant. [potion of cure mutation]
 18899 | Lair:6   | Noticed Maud
 18911 | Lair:6   | Killed Maud
 18914 | Lair:6   | Reached skill level 10 in Armour
 19804 | Lair:7   | Received a gift from Trog
 20464 | Lair:8   | Entered Level 8 of the Lair of Beasts
 20510 | Lair:8   | Received a gift from Trog
 20582 | Lair:8   | Received a gift from Trog
 21071 | Lair:8   | Reached skill level 13 in Fighting
 21142 | Lair:8   | Found a staircase to the Slime Pits.
 21162 | Lair:8   | Received a gift from Trog
 21491 | Lair:8   | HP: 6/129 [poisoned by a hornet]
 21740 | Lair:8   | Received a gift from Trog
 22398 | Lair:8   | Noticed Rupert
 22411 | Lair:8   | Received a gift from Trog
 22419 | Lair:8   | Killed Rupert
 22419 | Lair:8   | Reached XP level 15. HP: 122/136 MP: 15/15
 23112 | Slime:1  | Entered Level 1 of the Pits of Slime
 23112 | Slime:1  | Noticed an azure jelly
 23121 | Slime:1  | Received a gift from Trog
 23121 | Slime:1  | Demolished by an azure jelly

Vault maps used:
D:1:      eino_arrival_cavern_e
D:2:      grunt_qazlal_sundering, first_bread, kennysheep_generic_room_6,
          uniq_crazy_yiuf_cottage
D:3:      grunt_ministairs_2, hangedman_decor_riveting, eino_tiny_chamber,
          uniq_robin, uniq_natasha
D:4:      corexii_shack_village, kennysheep_mini_moat, minmay_temple_entry_grid,
          kennysheep_generic_room_5, uniq_edmund, uniq_duvessa
D:5:      overflow_temple_1_default, lemuel_doored_altar, basic_altar
D:6:      nicolae_overflow_crystal_walls, kennysheep_mini, nemelex_deck,
          uniq_sigmund, uniq_menkaure
D:7:      grunt_livestock, kennysheep_generic_room_4
D:8:      forest_paths, overflow_temple_1_default, serial_shops,
          nicolae_shop_stone, nicolae_shop_scaring_up_business, shop
D:9:      grunt_lair_entry_elf_guard_hut, minivault_27, uniq_grum
Lair:1:   st_stairs_7
Lair:2:   kennysheep_abandoned_house, enter_volcano_1, serial_bayou_pond_d,
          lemuel_fruit_tree, infiniplex_staircase_pool
Lair:3:   minmay_swamp_entry_eels, lab_entry_generic, serial_bayou_shore_a,
          lemuel_fruit_fields
Lair:4:   spider_nest_entry_rubble, forest_entry_grove
Lair:5:   grunt_megastairs_3, uniq_nessos
Lair:6:   uniq_maud
Lair:8:   hangedman_lair_tendril_chambers, guppyfry_lair_end_dragon,
          minmay_slime_entry_pillars, uniq_rupert
Spider:1: uniq_frances
Lab:      labyrinth_watery, labyrinth_glass_1, nicolae_lab_blocks,
          nicolae_lab_plus, nicolae_lab_x, nicolae_lab_diamond,
          nicolae_lab_very_dead_end, nicolae_lab_t_cross, nicolae_lab_hexagon,
          nicolae_lab_starburst, nicolae_lab_do_over,
          labyrinth_skeletal_remains, nicolae_lab_big_swirl
Volcano:  volcano_lake

Action                   |  1- 3 |  4- 6 |  7- 9 | 10-12 | 13-15 || total
-------------------------+-------+-------+-------+-------+-------++-------
Melee: Falchion          |    33 |    67 |    17 |       |       ||   117
       Hunting sling     |     9 |       |       |       |       ||     9
       Hammer            |       |    19 |       |       |       ||    19
       Quarterstaff      |       |    49 |   309 |   164 |       ||   522
       Lajatang          |       |       |       |    95 |     2 ||    97
       Double sword      |       |       |       |   201 |   622 ||   823
 Fire: Hunting sling     |    40 |    21 |    61 |   149 |   247 ||   518
       Blowgun           |       |       |       |     2 |       ||     2
       Longbow           |       |       |       |       |    10 ||    10
       Shortbow          |       |       |       |       |     4 ||     4
Invok: Berserk           |       |     2 |     3 |     5 |    11 ||    21
       Burn Spellbooks   |       |       |     1 |     2 |     3 ||     6
Evoke: Deck              |       |       |       |     1 |       ||     1
  Use: Scroll            |       |     3 |     4 |    11 |    11 ||    29
       Potion            |       |       |       |     8 |    13 ||    21
 Stab: Confused          |       |       |     1 |       |       ||     1
       Petrified         |       |       |     1 |       |       ||     1
       Distracted        |       |       |       |     1 |       ||     1
       Sleeping          |       |       |       |       |     4 ||     4
  Eat: Bread ration      |     1 |       |     1 |     3 |     1 ||     6
       Meat ration       |       |     1 |     2 |     1 |     5 ||     9
       Fruit             |       |       |     2 |     5 |    10 ||    17
       Pizza             |       |       |     1 |     5 |       ||     6
       Beef jerky        |       |       |     1 |       |       ||     1
